 Dungeon Crawl Stone Soup version 0.31.0-12-g77e489cdc1 (webtiles) character file.

Game seed: 6952068855861053194

362 Silvore the Covered (level 6, -2/48 HPs)
             Began as a Demonspawn Fighter on Feb 15, 2024.
             Slain by an orc
             ... wielding a +0 trident
              (5 damage)
             ... on level 4 of the Dungeon.
             The game lasted 00:04:04 (3073 turns).

Silvore the Covered (Demonspawn Fighter)            Turns: 3073, Time: 00:04:04

Health: -2/48      AC:  8    Str: 17 (18) XL:     6   Next: 39%
Magic:  6/6        EV:  9    Int:  7 (8)  God:
Gold:   193        SH:  9    Dex: 15      Spells: 5/5 levels left

rFire   . . .        a - +0 long sword (heavy)
rCold   . . .        c - +0 buckler
rNeg    . . .        b - +0 scale mail
rPois   .            (no helmet)
rElec   .            (no cloak)
rCorr   .            e - +0 pair of gloves
SInv    .            (no boots)
Will    .....        (no amulet)
Stlth   +            (no ring)
HPRegen 0.28/turn    (no ring)
MPRegen 0.10/turn

%: no passive effects
@: mighty
A: thin skeletal structure 1, condensation shield, weakness stinger 2
a: no special abilities


You were on level 4 of the Dungeon.
You visited 1 branch of the dungeon, and saw 4 of its levels.

You collected 193 gold pieces.

Inventory:

Hand Weapons
 a - a +0 heavy long sword (weapon)
Missiles
 g - 2 throwing nets (quivered)
Armour
 b - a +0 scale mail (worn)
 c - a +0 buckler (worn)
 e - a +0 pair of gloves (worn)
Wands
 m - a wand of paralysis (13)
Scrolls
 l - a scroll of silence
 n - a scroll of identify
Potions
 f - a potion of resistance
 h - a potion of magic
 i - a potion of degeneration
 j - a potion of enlightenment
 k - a potion of brilliance


   Skills:
 + Level 3.9 Fighting
 + Level 3.7 Long Blades
 + Level 4.1 Armour
 + Level 0.8 Dodging
 + Level 0.3 Stealth
 + Level 3.8 Shields


You had 5 spell levels left.
You didn't know any spells.
Your spell library contained the following spells:

 Spells                   Type           Power      Damage    Failure   Level
 Call Canine Familiar     Summ           0%         N/A       99%         3
 Sigil of Binding         Hex            0%         N/A       99%         3
 Dimensional Bullseye     Hex/Tloc       0%         N/A       100%        4


Dungeon Overview and Level Annotations

Branches:
Dungeon (4/15)
 Temple: D:4-7

Altars:
Xom

Shops:
D:4 *


Innate Abilities, Weirdness & Mutations

You have a somewhat thin skeletal structure. (Dex +2, Stealth+)
A meltable shield of frost defends you. (SH +4)
You have a tail ending in a sharp stinger.


Message History

You bump into the stone wall.
The orc wizard hits you but does no damage.
The orc hits you but does no damage.
Unknown command.
You miss the orc wizard.
The orc wizard is moderately wounded.
The orc wizard closely misses you. The orc hits you but does no damage.
The orc wizard hits you but does no damage.
The orc hits you from afar with a +0 trident.
You bump into the stone wall.
You feel less confused. You block the orc wizard's attack.
The orc hits you from afar with a +0 trident!
You hit the orc wizard.
The orc wizard is severely wounded.
The orc wizard closely misses you.
The orc hits you from afar with a +0 trident!
* * * LOW HITPOINT WARNING * * *
You slash the orc wizard!
You kill the orc wizard!
The orc hits you from afar with a +0 trident.
* * * LOW HITPOINT WARNING * * *
The orc hits you but does no damage. The orc barely misses you.
You feel your dexterity returning.
Unknown command.
You feel very mighty all of a sudden. The orc completely misses you. x2
You closely miss the orc. You tail-slap the orc.
The orc is severely wounded.
The orc hits you but does no damage. The orc completely misses you.
The orc hits you but does no damage. You block the orc's attack.
You hit the orc.
You kill the orc!
You block the orc's attack. x2; The orc barely misses you.
You slice the orc!!
You kill the orc!
The orc hits you from afar with a +0 trident.
* * * LOW HITPOINT WARNING * * *
The orc hits you from afar with a +0 trident.
You die...

#..# #..# ###
##..# ..# #...#
... #.# #.#.#
.... #.# #.#.#
....# #.# #.#.#
..... #.# #.#.#
...... #@#
#.#.#
......#####J#
#...#
~.:...Joo..o##
#..##
~P~....o.....#
####.[#
♣~..########.#
#..)..# ~ #.#
#.##.##
#.####.##.###
#...........###
###.######....#


You could see an orc and an endoplasm.

Vanquished Creatures
  A bullfrog (D:4)
  An orc priest (D:3)
  2 orc wizards
  Robin (D:4)
  3 gnolls (D:2)
  6 adders
  2 ribbon worms (D:2)
  5 dart slugs
  12 orcs
  8 endoplasms
  5 giant cockroaches
  14 goblins
  9 hobgoblins
  4 jackals (D:1)
  A quokka (D:2)
  8 ball pythons
  2 bats
  6 frilled lizards
  6 kobolds
  6 rats
102 creatures vanquished.

Notes
Turn   | Place    | Note
-------+----------+-------------------------------------------
     0 | D:1      | Silvore the Demonspawn Fighter began the quest for the Orb.
     0 | D:1      | Reached XP level 1. HP: 18/18 MP: 1/1
   118 | D:1      | Gained mutation: A meltable shield of frost defends you.
                  | (SH +4) [demonic ancestry]
   118 | D:1      | Reached XP level 2. HP: 24/24 MP: 2/2
   316 | D:1      | Reached XP level 3. HP: 29/29 MP: 3/3
   431 | D:1      | You fall into a shaft and drop 1 floor!
   731 | D:2      | Reached skill level 3 in Armour
   854 | D:2      | Found a shimmering altar of Xom.
  1053 | D:2      | Gained mutation: You have a small tail. [demonic ancestry]
  1053 | D:2      | Reached XP level 4. HP: 33/35 MP: 4/4
  1767 | D:3      | HP: 1/36 [poisoned by an adder]
  2024 | D:3      | Gained mutation: You have a somewhat thin skeletal
                  | structure. (Dex +2, Stealth+) [demonic ancestry]
  2024 | D:3      | Reached XP level 5. HP: 40/41 MP: 5/5
  2833 | D:4      | Found Rubac's Assorted Antiques.
  2836 | D:4      | Noticed Robin
  2854 | D:4      | Reached skill level 4 in Armour
  2854 | D:4      | Gained mutation: You have a tail ending in a sharp stinger.
                  | [demonic ancestry]
  2854 | D:4      | Reached XP level 6. HP: 37/48 MP: 6/6
  2858 | D:4      | Killed Robin
  3073 | D:4      | Slain by an orc

Illustrated notes

Levels and vault maps discovered:
D:1:      elethiomel_arrival_fortress_basement, layout_rooms
D:2:      layout_basic, basic_altar, minmay_tripent
D:3:      kennysheep_the_goblin_king, layout_loops_ring
D:4:      layout_loops_ring, nicolae_take_the_stairs, serial_bayou_pond_c,
          saegor_snake_ambush, uniq_blork_the_orc, uniq_robin

Skill      XL: |  1  2  3  4  5 |
---------------+----------------+-----
Shields        | 3 |  3.8
Long Blades    | 2 3 |  3.7
Armour         | 3 4 |  4.1
Fighting       | |  3.9
Dodging        | |  0.8
Stealth        | |  0.3

Action                     |  1- 3 |  4- 6 || total
---------------------------+-------+-------++-------
  Melee: Long sword        |   107 |   178 ||   285
         Tailslap          |       |    21 ||    21
    Use: Scroll            |     4 |     4 ||     8
         Potion            |       |     5 ||     5
 Armour: Scale mail        |    86 |   195 ||   281
  Dodge: Dodged            |    44 |   107 ||   151
  Block: Buckler           |    90 |   103 ||   193
